3L
ROCKY MOUNTAIN NUGGETS @ LOUISVILLE BC
07/25/2025
 
TOP OF THE 1ST
Rocky Mountain Nuggets batting - Pitching for Louisville BC : RHP Juan Ángel
Pitching: RHP Juan Ángel
Batting: RHB Mark Melton 0-0: Ball
1-0: Foul Ball, location: 2F
1-1: Fly out, F6 (Popup, 6D)
Batting: LHB Randy Bowen 0-0: Called Strike
0-1: Fly out, F8 (Flyball, 8LM)
Batting: LHB Javier Sánchez 0-0: Ball
1-0: Ball
2-0: Ground out 4-3 (Groundball, 4)
Top of the 1st over - 0 run(s), 0 hit(s), 0 error(s), 0 left on base; Rocky Mountain 0 - Louisville 0
BOTTOM OF THE 1ST
Louisville BC batting - Pitching for Rocky Mountain Nuggets : LHP Kaluka Wene
Pitching: LHP Kaluka Wene
Batting: SHB Eddie Ménard 0-0: Ground out 6-3 (Groundball, 6S)
Batting: LHB Carroll Martin 0-0: Ball
1-0: Foul Ball, location: 2F
1-1: Ball
2-1: Ball
3-1: SINGLE (Line Drive, 4MD)
Batting: LHB António González 0-0: Ball
1-0: Ball
2-0: Called Strike
2-1: Foul Ball, location: 2F
2-2: Ball
3-2: DOUBLE (Groundball, 3L)
Carroll Martin to third
Batting: LHB Luis Velázquez 0-0: Called Strike
0-1: Ball
1-1: Foul Ball, location: 2F
1-2: Strikes out swinging
Batting: SHB Chris Williamson 0-0: Ball
1-0: Called Strike
1-1: Called Strike
1-2: Ball
2-2: Ground out 1-3 (Groundball, 13)
Bottom of the 1st over - 0 run(s), 2 hit(s), 0 error(s), 2 left on base; Rocky Mountain 0 - Louisville 0
TOP OF THE 2ND
Rocky Mountain Nuggets batting - Pitching for Louisville BC : RHP Juan Ángel
Batting: RHB Andrés Rodríguez 0-0: Fly out, F9 (Flyball, 89D)
Batting: LHB Juan Ríos 0-0: Foul Ball, location: 2F
0-1: Ball
1-1: Ball
2-1: SINGLE (Line Drive, 78S)
Batting: RHB Wes Shannon 0-0: Called Strike
0-1: Fly out, F7 (Line Drive, 7)
Batting: RHB Javier Martínez 0-0: Fly out, F8 (Flyball, 8RS)
Top of the 2nd over - 0 run(s), 1 hit(s), 0 error(s), 1 left on base; Rocky Mountain 0 - Louisville 0
BOTTOM OF THE 2ND
Louisville BC batting - Pitching for Rocky Mountain Nuggets : LHP Kaluka Wene
Batting: RHB Yuji Ine 0-0: Ground out 6-3 (Groundball, 6)
Batting: LHB Joram Nelen 0-0: Ball
1-0: Ball
2-0: Ball
3-0: Called Strike
3-1: SINGLE (Groundball, 4MD)
Batting: RHB Roy Herring 0-0: Called Strike
0-1: SINGLE (Groundball, 4MD)
Joram Nelen to second
Batting: LHB Arturo Acevedo 0-0: DOUBLE (Line Drive, 7LM)
Joram Nelen scores
Roy Herring to third
Batting: SHB Eddie Ménard 0-0: Ball
1-0: Swinging Strike
1-1: Ground out 6-3 (Groundball, 6)
Roy Herring scores
Batting: LHB Carroll Martin 0-0: Ball
1-0: Ground out 3-1 (Groundball, 34)
Bottom of the 2nd over - 2 run(s), 3 hit(s), 0 error(s), 1 left on base; Rocky Mountain 0 - Louisville 2
TOP OF THE 3RD
Rocky Mountain Nuggets batting - Pitching for Louisville BC : RHP Juan Ángel
Batting: RHB Mike Green 0-0: Ball
1-0: Called Strike
1-1: Foul Ball, location: 2F
1-2: Ball
2-2: Ball
3-2: Foul Ball, location: 2F
3-2: SINGLE (Groundball, 6) (infield hit)
Batting: RHB Gary Chalmers 0-0: Swinging Strike
0-1: Swinging Strike
0-2: Strikes out swinging
Batting: RHB Mark Melton 0-0: Foul Ball, location: 2F
0-1: Fly out, F9 (Flyball, 9)
Batting: LHB Randy Bowen 0-0: Swinging Strike
0-1: Ball
1-1: Foul Ball, location: 2F
1-2: Fly out, F1 (Line Drive, 15S)
Top of the 3rd over - 0 run(s), 1 hit(s), 0 error(s), 1 left on base; Rocky Mountain 0 - Louisville 2
BOTTOM OF THE 3RD
Louisville BC batting - Pitching for Rocky Mountain Nuggets : LHP Kaluka Wene
Batting: LHB António González 0-0: Fly out, F8 (Flyball, 89D)
Batting: LHB Luis Velázquez 0-0: Ball
1-0: Ball
2-0: Foul Ball, location: 2F
2-1: Ball
3-1: Fly out, F7 (Flyball, 7)
Batting: SHB Chris Williamson 0-0: Ball
1-0: Called Strike
1-1: Fly out, F8 (Flyball, 8LS)
Bottom of the 3rd over - 0 run(s), 0 hit(s), 0 error(s), 0 left on base; Rocky Mountain 0 - Louisville 2
TOP OF THE 4TH
Rocky Mountain Nuggets batting - Pitching for Louisville BC : RHP Juan Ángel
Batting: LHB Javier Sánchez 0-0: Ball
1-0: Ball
2-0: Called Strike
2-1: Ball
3-1: Foul Ball, location: 2F
3-2: Foul Ball, location: 2F
3-2: Base on Balls
Batting: RHB Andrés Rodríguez 0-0: Swinging Strike
0-1: Ball
1-1: Ball
2-1: Swinging Strike
2-2: Foul Ball, location: 2F
2-2: Strikes out looking
Batting: LHB Juan Ríos 0-0: Ball
1-0: Called Strike
1-1: SINGLE (Line Drive, 78S)
Javier Sánchez to second
Batting: RHB Wes Shannon 0-0: Swinging Strike
0-1: Fly out, F8 (Flyball, 8RD)
Runner from 2nd tags up, SAFE at 3rd, no throw
Batting: RHB Javier Martínez 0-0: Called Strike
0-1: Called Strike
0-2: Ball
1-2: SINGLE (Groundball, 6D)
Javier Sánchez scores
Juan Ríos to second
Batting: RHB Mike Green 0-0: Called Strike
0-1: Ball
1-1: Ball
2-1: Foul Ball, location: 2F
2-2: Strikes out swinging
Top of the 4th over - 1 run(s), 2 hit(s), 0 error(s), 2 left on base; Rocky Mountain 1 - Louisville 2
BOTTOM OF THE 4TH
Louisville BC batting - Pitching for Rocky Mountain Nuggets : LHP Kaluka Wene
Batting: RHB Yuji Ine 0-0: SINGLE (Line Drive, 89M)
Batting: LHB Joram Nelen 0-0: Fielders Choice at 2nd, 3-6 (Groundball, 3)
Batting: RHB Roy Herring 0-0: Called Strike
0-1: Ball
1-1: Grounds into double play, 1-6-3 (Groundball, 13)
Bottom of the 4th over - 0 run(s), 1 hit(s), 0 error(s), 0 left on base; Rocky Mountain 1 - Louisville 2
TOP OF THE 5TH
Rocky Mountain Nuggets batting - Pitching for Louisville BC : RHP Juan Ángel
Batting: RHB Gary Chalmers 0-0: Ball
1-0: Called Strike
1-1: Foul Ball, location: 2F
1-2: Ball
2-2: Ball
3-2: SINGLE (Line Drive, 4MD)
Batting: RHB Mark Melton 0-0: Bunt missed!
0-1: Ball
1-1: Reached on error, E1 (Groundball, 15S)
Gary Chalmers to second
Batting: LHB Randy Bowen 0-0: Sac Bunt - play at first, batter OUT! U3
Gary Chalmers to third
Mark Melton to second
Batting: LHB Javier Sánchez 0-0: Called Strike
0-1: Ball
1-1: Ball
2-1: Called Strike
2-2: Foul Ball, location: 2F
2-2: Strikes out swinging
Batting: RHB Andrés Rodríguez 0-0: Ball
1-0: Ball
2-0: Ball
3-0: Base on Balls
Batting: LHB Juan Ríos 0-0: Ball
1-0: Ball
2-0: Ball
3-0: Base on Balls
Gary Chalmers scores
Mark Melton to third
Andrés Rodríguez to second
Batting: RHB Wes Shannon 0-0: SINGLE (Groundball, 6MD)
Mark Melton scores
Andrés Rodríguez to third
Juan Ríos to second
Runner from 3rd tries for Home, SAFE, no throw
Batting: RHB Javier Martínez 0-0: Called Strike
0-1: Foul Ball, location: 2F
0-2: SINGLE (Flyball, 9LM)
Juan Ríos to third
Wes Shannon to second
Runner from 3rd tries for Home, SAFE, throw made home
Wes Shannon to third
Javier Martínez to second
Batting: RHB Mike Green 0-0: Foul Ball, location: 2F
0-1: Fly out, F8 (Flyball, 8LM)
Top of the 5th over - 4 run(s), 3 hit(s), 1 error(s), 2 left on base; Rocky Mountain 5 - Louisville 2
BOTTOM OF THE 5TH
Louisville BC batting - Pitching for Rocky Mountain Nuggets : LHP Kaluka Wene
Batting: LHB Arturo Acevedo 0-0: SINGLE (Groundball, 56S) (infield hit)
Batting: SHB Eddie Ménard 0-0: Called Strike
0-1: Called Strike
0-2: Ball
1-2: Ball
2-2: Ball
3-2: Foul Ball, location: 2F
3-2: Base on Balls
Arturo Acevedo to second
Batting: LHB Carroll Martin 0-0: Foul Ball, location: 2F
0-1: Ball
1-1: SINGLE (Line Drive, 34D)
Arturo Acevedo to third
Eddie Ménard to second
Batting: LHB António González 0-0: Called Strike
0-1: Foul Ball, location: 2F
0-2: Foul Ball, location: 2F
0-2: Ball
1-2: Ball
2-2: SINGLE (Line Drive, 9LS)
Arturo Acevedo scores
Eddie Ménard to third
Carroll Martin to second
Batting: LHB Luis Velázquez 0-0: Ball
1-0: Ball
2-0: Foul Ball, location: 2F
2-1: SINGLE (Groundball, 6MD)
Eddie Ménard scores
Carroll Martin to third
António González to second
Runner from 3rd tries for Home, SAFE, no throw
Batting: SHB Chris Williamson 0-0: Ball
1-0: Called Strike
1-1: Ball
2-1: Foul Ball, location: 2F
2-2: Grounds into double play, 3-6-3 (Groundball, 34)
António González to third
Batting: RHB Yuji Ine 0-0: Called Strike
0-1: Ball
1-1: Called Strike
1-2: Ground out 6-3 (Groundball, 56)
Bottom of the 5th over - 3 run(s), 4 hit(s), 0 error(s), 1 left on base; Rocky Mountain 5 - Louisville 5
TOP OF THE 6TH
Rocky Mountain Nuggets batting - Pitching for Louisville BC : RHP Juan Ángel
Batting: RHB Gary Chalmers 0-0: Called Strike
0-1: Ball
1-1: SINGLE (Line Drive, 4MD)
Batting: RHB Mark Melton 0-0: Sac Bunt - play at second, runner OUT! 1-6
Batting: LHB Randy Bowen 0-0: Ball
1-0: Swinging Strike
Mark Melton is caught stealing 2nd base
1-1: Ground out 4-3 (Groundball, 4)
Top of the 6th over - 0 run(s), 1 hit(s), 0 error(s), 0 left on base; Rocky Mountain 5 - Louisville 5
BOTTOM OF THE 6TH
Louisville BC batting - Pitching for Rocky Mountain Nuggets : LHP Kaluka Wene
Batting: LHB Joram Nelen 0-0: Ground out 4-3 (Groundball, 4)
Batting: RHB Roy Herring 0-0: Fly out, F8 (Flyball, 8LS)
Batting: LHB Arturo Acevedo 0-0: Ball
1-0: Foul Ball, location: 2F
1-1: Ground out 4-3 (Groundball, 4)
Bottom of the 6th over - 0 run(s), 0 hit(s), 0 error(s), 0 left on base; Rocky Mountain 5 - Louisville 5
TOP OF THE 7TH
Rocky Mountain Nuggets batting - Pitching for Louisville BC : RHP Juan Ángel
Batting: LHB Javier Sánchez 0-0: Ball
1-0: Ball
2-0: Ball
3-0: Called Strike
3-1: Swinging Strike
3-2: Base on Balls
Pitching: RHP Jim Dixon
Batting: RHB Andrés Rodríguez 0-0: Ball
Passed Ball!
Javier Sánchez to second
1-0: Intentional Walk
Batting: LHB Juan Ríos 0-0: Ball
1-0: Ball
2-0: Foul Ball, location: 2F
2-1: Ball
3-1: Called Strike
3-2: Base on Balls
Javier Sánchez to third
Andrés Rodríguez to second
Batting: RHB Wes Shannon 0-0: Ball
1-0: Foul Ball, location: 2F
1-1: Fly out, F4 (Popup, 34)
Batting: RHB Javier Martínez 0-0: Foul Ball, location: 2F
0-1: SINGLE (Groundball, 6D)
Javier Sánchez scores
Andrés Rodríguez to third
Juan Ríos to second
Runner from 3rd tries for Home, SAFE, no throw
Batting: RHB Mike Green 0-0: Foul Ball, location: 2F
0-1: SINGLE (Groundball, 25) (infield hit)
Juan Ríos to third
Javier Martínez to second
Batting: RHB Gary Chalmers 0-0: Called Strike
0-1: Called Strike
0-2: Strikes out swinging
Batting: RHB Mark Melton 0-0: Ball
1-0: SINGLE (Line Drive, 6D)
Juan Ríos scores
Javier Martínez to third
Mike Green to second
Batting: LHB Randy Bowen 0-0: Ball
1-0: Ball
2-0: Fly out, F8 (Line Drive, 8LD)
Top of the 7th over - 3 run(s), 3 hit(s), 0 error(s), 3 left on base; Rocky Mountain 8 - Louisville 5
BOTTOM OF THE 7TH
Louisville BC batting - Pitching for Rocky Mountain Nuggets : LHP Kaluka Wene
Now at C: Juan Sánchez
Batting: SHB Eddie Ménard 0-0: Ball
1-0: Called Strike
1-1: SINGLE (Line Drive, 34D)
Batting: LHB Carroll Martin 0-0: Foul Ball, location: 2F
0-1: Ground out 5-3 (Groundball, 56S)
Eddie Ménard to second
Batting: LHB António González 0-0: SINGLE (Groundball, 4MD)
Eddie Ménard to third
Runner from 3rd tries for Home, SAFE, no throw
Pitching: RHP Jorge Garza
Batting: LHB Luis Velázquez 0-0: Ball
1-0: Ball
2-0: Ball
3-0: Foul Ball, location: 2F
3-1: Swinging Strike
3-2: Strikes out looking
António González steals 2nd base
Batter strikes out.
Batting: SHB Chris Williamson 0-0: Ball
1-0: Called Strike
1-1: Ball
2-1: Foul Ball, location: 2F
2-2: Ball
3-2: Ground out 6-3 (Groundball, 6)
Bottom of the 7th over - 1 run(s), 2 hit(s), 0 error(s), 1 left on base; Rocky Mountain 8 - Louisville 6
TOP OF THE 8TH
Rocky Mountain Nuggets batting - Pitching for Louisville BC : RHP Jim Dixon
Batting: LHB Javier Sánchez 0-0: Foul Ball, location: 2F
0-1: Swinging Strike
0-2: Ball
1-2: Ball
2-2: Ball
3-2: Ground out 4-3 (Groundball, 4)
Batting: RHB Andrés Rodríguez 0-0: Called Strike
0-1: Ball
1-1: Ground out 6-3 (Groundball, 6)
Batting: LHB Juan Ríos 0-0: Ball
1-0: Called Strike
1-1: Foul Ball, location: 2F
1-2: Fly out, F4 (Line Drive, 4M)
Top of the 8th over - 0 run(s), 0 hit(s), 0 error(s), 0 left on base; Rocky Mountain 8 - Louisville 6
BOTTOM OF THE 8TH
Louisville BC batting - Pitching for Rocky Mountain Nuggets : RHP Jorge Garza
Batting: RHB Yuji Ine 0-0: Foul Ball, location: 2F
0-1: Ball
1-1: Foul Ball, location: 2F
1-2: Ball
2-2: Ball
3-2: Strikes out swinging
Batting: LHB Joram Nelen 0-0: Ball
1-0: Ground out 4-3 (Groundball, 4)
Batting: RHB Roy Herring 0-0: Ball
1-0: Ball
2-0: Called Strike
2-1: Fly out, F6 (Popup, 6D)
Bottom of the 8th over - 0 run(s), 0 hit(s), 0 error(s), 0 left on base; Rocky Mountain 8 - Louisville 6
TOP OF THE 9TH
Rocky Mountain Nuggets batting - Pitching for Louisville BC : RHP Jim Dixon
Batting: RHB Wes Shannon 0-0: Called Strike
0-1: Ball
1-1: Foul Ball, location: 2F
1-2: Strikes out swinging
Batting: RHB Javier Martínez 0-0: Swinging Strike
0-1: SINGLE (Groundball, 34D)
Batting: RHB Mike Green 0-0: Ball
1-0: Called Strike
1-1: Ball
2-1: Swinging Strike
2-2: DOUBLE (Line Drive, 78M)
Javier Martínez to third
Runner from 3rd tries for Home, SAFE, no throw
Pitching: RHP Vincente Ortíz
Batting: SHB Juan Sánchez 0-0: Ground out 4-3 (Groundball, 34)
Mike Green to third
Batting: RHB Mark Melton 0-0: Ball
1-0: Foul Ball, location: 2F
1-1: Fly out, F8 (Flyball, 8RM)
Top of the 9th over - 1 run(s), 2 hit(s), 0 error(s), 1 left on base; Rocky Mountain 9 - Louisville 6
BOTTOM OF THE 9TH
Louisville BC batting - Pitching for Rocky Mountain Nuggets : RHP Jorge Garza
Pitching: RHP Kenny Powers
Batting: LHB Arturo Acevedo 0-0: Ball
1-0: Swinging Strike
1-1: SINGLE (Groundball, 56D)
Batting: SHB Eddie Ménard 0-0: Foul Ball, location: 2F
0-1: SINGLE (Line Drive, 4MD)
Arturo Acevedo to second
Batting: LHB Carroll Martin 0-0: Called Strike
0-1: Ball
1-1: Foul Ball, location: 2F
1-2: Ball
2-2: Foul Ball, location: 2F
2-2: Grounds into double play, 4-6-3 (Groundball, 4)
Arturo Acevedo to third
Batting: LHB António González 0-0: Ball
1-0: Called Strike
1-1: Ball
2-1: Fly out, F7 (Flyball, 7S)
Bottom of the 9th over - 0 run(s), 2 hit(s), 0 error(s), 1 left on base; Rocky Mountain 9 - Louisville 6
Friday, December 30th, 2016 - OOTP Baseball 17.12 Build 75